[Event "18th Charleroi Open-A 2019"]
[Site "Charleroi"]
[Date "2019.07.29"]
[Round "3.11"]
[White "Anciaux, Marc"]
[Black "Vernimmen, Pierre"]
[Result "1/2-1/2"]
[ECO "B92"]
[WhiteElo "2120"]
[BlackElo "1911"]
[Annotator "ChessBase"]
[PlyCount "89"]
[EventDate "2019.07.22"]
[EventType "swiss"]
[EventCountry "BEL"]
[SourceTitle "playchess.com"]
[Source "ChessBase"]
[SourceQuality "1"]
[TimeControl "40/5400+30:1800+30"]

1. e4 c5 2. Nf3 d6 3. d4 cxd4 4. Nxd4 Nf6 5. Nc3 a6 6. Be2 e5 7. Nb3 Be7 8. O-O O-O 9. a4 Be6 10. f4 exf4 11. Bxf4 d5 12. e5 Ne4 13. Qd3 Nxc3 14. Qxc3 Nc6 15. Rad1 Bg5 16. g3 Rc8 17. Qe3 Be7 18. h4 Na5 19. Nd4 Nc4 20. Bxc4 Rxc4 21. b3 Rc7 22. Bg5 Bxg5 23. hxg5 Bg4 24. Rd2 Qd7 25. Rh2 Rfc8 26. Rh4 Rc3 27. Qf4 Be6 28. Rf2 Qe7 29. Rfh2 Qa3 30. Rf2 Qe7 31. Rxh7 Kxh7 32. Qh4+ Kg6 33. Rh2 Rxg3+ 34. Qxg3 Qxg5 35. Rg2 Qxg3 36. Rxg3+ Kh7 37. Kf2 g6 38. Ke2 Kg7 39. Kd3 Rh8 40. c4 dxc4+ 41. bxc4 Rc8 42. Nxe6+ fxe6 43. Kd4 b6 44. Rb3 Rc6 45. Rg3 1/2-1/2

[Event "18th Charleroi Open-A 2019"]
[Site "Charleroi"]
[Date "2019.07.29"]
[Round "3.12"]
[White "Roels, Frederik"]
[Black "Huynh, Laurent"]
[Result "0-1"]
[ECO "E16"]
[WhiteElo "1944"]
[BlackElo "2111"]
[Annotator "NA"]
[PlyCount "64"]
[EventDate "2019.07.22"]
[EventType "swiss"]
[EventCountry "BEL"]
[SourceTitle "playchess.com"]
[Source "ChessBase"]
[SourceQuality "1"]
[TimeControl "40/5400+30:1800+30"]

1. d4 Nf6 2. c4 e6 3. Nf3 b6 4. g3 Bb7 5. Bg2 Bb4+ 6. Bd2 Be7 7. O-O O-O 8. d5 exd5 9. Nh4 Qc8 10. Nf5 Bd8 11. cxd5 Bxd5 12. e4 Bb7 13. Bc3 d6 14. Qd2 Ne8 15. Bh3 Nd7 16. Qf4 Kh8 17. Nxg7 Nxg7 18. Qh6 f6 19. Nd2 Be7 20. Nf3 Rf7 21. Nh4 Qd8 22. g4 Nc5 23. g5 Nge6 24. Ng6+ Kg8 25. Nxe7+ Qxe7 26. Bxf6 Qf8 27. Qh4 Ng7 28. f3 Bc8 29. Bg2 Nd7 30. Bc3 Ne5 31. Qg3 Nh5 32. Qh4 Nf4 0-1

[Event "18th Charleroi Open-A 2019"]
[Site "Charleroi"]
[Date "2019.07.29"]
[Round "3.13"]
[White "Hafner, Christian"]
[Black "Van Mechelen, Jan"]
[Result "1/2-1/2"]
[ECO "A20"]
[WhiteElo "2071"]
[BlackElo "2218"]
[Annotator "ChessBase"]
[PlyCount "84"]
[EventDate "2019.07.22"]
[EventType "swiss"]
[EventCountry "BEL"]
[SourceTitle "playchess.com"]
[Source "ChessBase"]
[SourceQuality "1"]
[TimeControl "40/5400+30:1800+30"]

1. c4 e5 2. g3 Nf6 3. Bg2 c6 4. d4 exd4 5. Qxd4 Na6 6. Nf3 Bc5 7. Qe5+ Be7 8. Nc3 O-O 9. O-O Re8 10. Qd4 Bc5 11. Qd1 Nc7 12. a3 d5 13. b4 Be7 14. b5 c5 15. cxd5 Ncxd5 16. Nxd5 Nxd5 17. Bb2 Be6 18. Qc2 Qc8 19. Ne5 Nb6 20. a4 a5 21. bxa6 Rxa6 22. Rfc1 f6 23. a5 Nd7 24. Nxd7 Qxd7 25. Be4 f5 26. Rd1 Rd6 27. Rxd6 Bxd6 28. Rd1 fxe4 29. Be5 Bd5 30. Rxd5 Rxe5 31. Rxe5 Bxe5 32. Qxe4 Bd6 33. Qd5+ Kf8 34. e4 Qe7 35. Qf5+ Kg8 36. Qc8+ Kf7 37. Qf5+ Qf6 38. Qd5+ Kf8 39. Kg2 Qe7 40. Qf5+ Kg8 41. Qc8+ Kf7 42. Qf5+ Kg8 1/2-1/2

[Event "18th Charleroi Open-A 2019"]
[Site "Charleroi"]
[Date "2019.07.29"]
[Round "3.14"]
[White "Van Malder, Dries"]
[Black "Van Uytven, Eric"]
[Result "1-0"]
[ECO "B40"]
[WhiteElo "2178"]
[BlackElo "2071"]
[Annotator "ChessBase"]
[PlyCount "75"]
[EventDate "2019.07.22"]
[EventType "swiss"]
[EventCountry "BEL"]
[SourceTitle "playchess.com"]
[Source "ChessBase"]
[SourceQuality "1"]
[TimeControl "40/5400+30:1800+30"]

1. e4 c5 2. Nf3 e6 3. c3 Nf6 4. Bd3 d5 5. e5 Nfd7 6. Bc2 Nc6 7. d4 b6 8. O-O Be7 9. a3 Ba6 10. Re1 Rc8 11. Bd3 Bxd3 12. Qxd3 O-O 13. b4 f6 14. exf6 Nxf6 15. Bg5 Ne4 16. Bxe7 Qxe7 17. Nbd2 Nxd2 18. Qxd2 cxd4 19. cxd4 a5 20. b5 Na7 21. a4 Rf6 22. Re3 Rc7 23. Rae1 Nc8 24. Ne5 Nd6 25. Nc6 Rxc6 26. bxc6 Nc4 27. Qc3 Qd6 28. c7 Qxc7 29. Rxe6 Rxe6 30. Rxe6 Qd7 31. Qe1 Kf7 32. Re2 Qxa4 33. Re7+ Kf8 34. h3 Qc6 35. Qe2 Qd6 36. Ra7 Kg8 37. Qe8+ Qf8 38. Qe6+ 1-0

[Event "18th Charleroi Open-A 2019"]
[Site "Charleroi"]
[Date "2019.07.29"]
[Round "3.17"]
[White "Lacroix, Bruno"]
[Black "Uhoda, Philippe"]
[Result "1/2-1/2"]
[ECO "E61"]
[WhiteElo "2152"]
[BlackElo "2062"]
[Annotator "ChessBase"]
[PlyCount "118"]
[EventDate "2019.07.22"]
[EventType "swiss"]
[EventCountry "BEL"]
[SourceTitle "playchess.com"]
[Source "ChessBase"]
[SourceQuality "1"]
[TimeControl "40/5400+30:1800+30"]

1. d4 Nf6 2. Nf3 g6 3. c4 Bg7 4. e3 d6 5. Nc3 O-O 6. Be2 c6 7. O-O a5 8. Qc2 Na6 9. a3 Bd7 10. e4 Qb8 11. h3 e5 12. dxe5 dxe5 13. Be3 b5 14. Rad1 Rc8 15. cxb5 cxb5 16. Qb1 Bc6 17. g4 b4 18. axb4 Nxb4 19. Nd2 Bb7 20. Nc4 Ba6 21. Nb6 Rxc3 22. bxc3 Bxe2 23. Nxa8 Bxf1 24. Kxf1 Qxa8 25. cxb4 axb4 26. Qxb4 Bf8 27. Qb6 Nxe4 28. Rd8 Qa3 29. Qc6 Nd6 30. Ra8 Qd3+ 31. Kg2 Kg7 32. Rd8 Qe4+ 33. Qxe4 Nxe4 34. f3 Nf6 35. Bg5 Be7 36. Bxf6+ Bxf6 37. Re8 h5 38. Kg3 hxg4 39. fxg4 Bg5 40. Rxe5 Bd8 41. Rd5 Bc7+ 42. Kf3 Bb8 43. Ke4 Bg3 44. Kd4 Bf2+ 45. Kc4 Kf6 46. Kb5 Ke6 47. Kc6 Bg3 48. Rd3 Be5 49. Re3 f5 50. Kc5 fxg4 51. hxg4 Kf6 52. Re4 Bh2 53. Kd4 Bg1+ 54. Kd3 Kg5 55. Ke2 Bh2 56. Kf3 Kf6 57. Kg2 Bb8 58. Kh3 Kg5 59. Rb4 Bc7 1/2-1/2

[Event "18th Charleroi Open-A 2019"]
[Site "Charleroi"]
[Date "2019.07.29"]
[Round "3.18"]
[White "Vanden Bussche, Steven"]
[Black "Dauw, Sterre"]
[Result "1/2-1/2"]
[ECO "A37"]
[WhiteElo "2061"]
[BlackElo "2148"]
[Annotator "ChessBase"]
[PlyCount "76"]
[EventDate "2019.07.22"]
[EventType "swiss"]
[EventCountry "BEL"]
[SourceTitle "playchess.com"]
[Source "ChessBase"]
[SourceQuality "1"]
[TimeControl "40/5400+30:1800+30"]

1. c4 g6 2. g3 c5 3. Bg2 Bg7 4. Nc3 Nc6 5. Nf3 e6 6. O-O Nge7 7. d3 O-O 8. Rb1 d5 9. cxd5 exd5 10. Bg5 h6 11. Bd2 Be6 12. a3 b6 13. b4 cxb4 14. axb4 a5 15. bxa5 bxa5 16. Na4 Qd6 17. Be3 Rfb8 18. Bc5 Qd8 19. d4 Nb4 20. Qd2 Nec6 21. Rb2 Bf5 22. Rc1 Qe8 23. Ra1 Be4 24. Nh4 Bxg2 25. Nxg2 Na6 26. Rxb8 Rxb8 27. e3 Nxc5 28. Nxc5 Rb5 29. Qc3 Bf8 30. Nd3 a4 31. Rxa4 Rb1+ 32. Nge1 Ne5 33. Ra1 Nf3+ 34. Kf1 Nxh2+ 35. Ke2 Rxa1 36. Qxa1 Ng4 37. Qa5 Qe6 38. Nf4 Qe4 1/2-1/2

[Event "18th Charleroi Open-A 2019"]
[Site "Charleroi"]
[Date "2019.07.29"]
[Round "3.19"]
[White "De Villers, Mourad"]
[Black "Miulescu, Gabriel"]
[Result "1-0"]
[ECO "A29"]
[WhiteElo "2140"]
[BlackElo "2020"]
[Annotator "ChessBase"]
[PlyCount "105"]
[EventDate "2019.07.22"]
[EventType "swiss"]
[EventCountry "BEL"]
[SourceTitle "playchess.com"]
[Source "ChessBase"]
[SourceQuality "1"]
[TimeControl "40/5400+30:1800+30"]

1. c4 e5 2. g3 Nf6 3. Bg2 d5 4. cxd5 Nxd5 5. Nc3 Be6 6. Nf3 Nc6 7. O-O Be7 8. d4 exd4 9. Nxd4 Nxd4 10. Qxd4 Nxc3 11. Qxc3 O-O 12. Bxb7 Rb8 13. Bg2 Bf6 14. Qc2 Qc8 15. e4 c5 16. Re1 Bd4 17. Bf1 Rb6 18. Bc4 Bxc4 19. Qxc4 Bxb2 20. Bxb2 Rxb2 21. Rac1 Qb7 22. a3 Rc8 23. Red1 h6 24. Rd5 Rb5 25. Rcd1 Rb1 26. Rxb1 Qxb1+ 27. Kg2 Qb6 28. Rd7 Rf8 29. Qd5 Qa5 30. Qd3 c4 31. Qxc4 Qxa3 32. e5 Qb2 33. Qd5 a6 34. h4 Qb5 35. Qxb5 axb5 36. Rb7 Re8 37. f4 h5 38. Rxb5 Ra8 39. Rb3 Ra4 40. Kf3 g6 41. g4 hxg4+ 42. Kxg4 Kg7 43. Rb7 Ra6 44. h5 gxh5+ 45. Kxh5 Kf8 46. Kg5 Rg6+ 47. Kf5 Ra6 48. Rd7 Rb6 49. Rd6 Rb4 50. Ra6 Ke7 51. Ra7+ Ke8 52. Kg5 Rb5 53. Rc7 1-0

[Event "18th Charleroi Open-A 2019"]
[Site "Charleroi"]
[Date "2019.07.29"]
[Round "3.20"]
[White "Van Dijck, Bjarne"]
[Black "Werner, Ivan"]
[Result "1/2-1/2"]
[ECO "B22"]
[WhiteElo "2053"]
[BlackElo "2129"]
[Annotator "ChessBase"]
[PlyCount "71"]
[EventDate "2019.07.22"]
[EventType "swiss"]
[EventCountry "BEL"]
[SourceTitle "playchess.com"]
[Source "ChessBase"]
[SourceQuality "1"]
[TimeControl "40/5400+30:1800+30"]

1. e4 c5 2. c3 Nf6 3. e5 Nd5 4. d4 cxd4 5. cxd4 d6 6. Nf3 Nc6 7. Bc4 Nb6 8. Bb3 dxe5 9. d5 Na5 10. Nc3 f6 11. Be3 g6 12. O-O Bd7 13. Nd2 Rc8 14. Rc1 Bg7 15. Nce4 Rxc1 16. Qxc1 Nxb3 17. Nxb3 Nxd5 18. Bxa7 b6 19. Qc4 Qa8 20. Rd1 Be6 21. Bxb6 Kf7 22. Nbc5 Rc8 23. Qb3 Rxc5 24. Nxc5 Nf4 25. Qf3 Bd5 26. Rxd5 Nxd5 27. Qb3 e6 28. Qb5 Qxa2 29. Qd7+ Ne7 30. h3 Qd5 31. b4 Qxd7 32. Nxd7 Ke8 33. Nc5 Nd5 34. Ba5 Bf8 35. Ne4 f5 36. Ng5 1/2-1/2

[Event "18th Charleroi Open-A 2019"]
[Site "Charleroi"]
[Date "2019.07.29"]
[Round "3.21"]
[White "Roos, David"]
[Black "Butzen, Robin"]
[Result "1/2-1/2"]
[ECO "B13"]
[WhiteElo "2114"]
[BlackElo "1967"]
[Annotator "NA"]
[PlyCount "84"]
[EventDate "2019.07.22"]
[EventType "swiss"]
[EventCountry "BEL"]
[SourceTitle "playchess.com"]
[Source "ChessBase"]
[SourceQuality "1"]
[TimeControl "40/5400+30:1800+30"]

1. d4 d5 2. Nc3 c5 3. Bf4 Nc6 4. e3 cxd4 5. exd4 Bf5 6. Bd3 Bxd3 7. Qxd3 Nf6 8. Nf3 e6 9. O-O Be7 10. Rfe1 O-O 11. Ne5 Rc8 12. a3 Nd7 13. Re3 Ncxe5 14. Bxe5 Nxe5 15. dxe5 Qb6 16. Rh3 g6 17. Qd2 f5 18. b4 a5 19. Rb1 axb4 20. Na2 Qc7 21. c3 bxa3 22. f4 Qc4 23. Rf3 b5 24. Rd3 Rfd8 25. h3 Rb8 26. Kh2 Bc5 27. g4 fxg4 28. hxg4 g5 29. Rf1 Rf8 30. f5 Qxg4 31. Rg3 Qh4+ 32. Rh3 Qg4 33. Rg3 Qh5+ 34. Kg2 Qh4 35. f6 Kf7 36. Re1 Rg8 37. Qd3 Rh8 38. Nb4 Bxb4 39. cxb4 Qxb4 40. Qf3 g4 41. Rxg4 Qxe1 42. Rg7+ Ke8 1/2-1/2

[Event "18th Charleroi Open-A 2019"]
[Site "Charleroi"]
[Date "2019.07.29"]
[Round "3.22"]
[White "Partoens, Remi"]
[Black "Soyunlu, Narmin"]
[Result "0-1"]
[ECO "C95"]
[WhiteElo "1957"]
[BlackElo "2099"]
[Annotator "NA"]
[PlyCount "79"]
[EventDate "2019.07.22"]
[EventType "swiss"]
[EventCountry "BEL"]
[SourceTitle "playchess.com"]
[Source "ChessBase"]
[SourceQuality "1"]
[TimeControl "40/5400+30:1800+30"]

1. e4 e5 2. Nf3 Nc6 3. Bb5 a6 4. Ba4 Nf6 5. O-O Be7 6. Re1 b5 7. Bb3 d6 8. c3 O-O 9. h3 Nb8 10. d4 Nbd7 11. Nbd2 Bb7 12. Bc2 Re8 13. Nf1 Bf8 14. Ng3 g6 15. Bg5 h6 16. Bd2 d5 17. Qc1 dxe4 18. Nxe5 Nxe5 19. dxe5 e3 20. Rxe3 Qd5 21. Ne4 Qxe5 22. Nxf6+ Qxf6 23. Qf1 Bc5 24. Rxe8+ Rxe8 25. Re1 Rxe1 26. Qxe1 Qc6 27. Qf1 Qd5 28. Bxh6 Qxa2 29. Bd2 Qd5 30. Bh6 Qa2 31. Qe2 Bc6 32. b4 Bd6 33. Qd3 Qe6 34. Qe3 Qd5 35. Qe2 Qa2 36. Qd3 Qe6 37. Qe3 Qd5 38. f3 Kh7 39. Bg5 Qa2 40. Qd3 0-1

[Event "18th Charleroi Open-A 2019"]
[Site "Charleroi"]
[Date "2019.07.29"]
[Round "3.23"]
[White "Ghyselen, Wouter"]
[Black "Barbier, Astrid"]
[Result "1-0"]
[ECO "A85"]
[WhiteElo "2078"]
[BlackElo "1941"]
[Annotator "NA"]
[PlyCount "61"]
[EventDate "2019.07.22"]
[EventType "swiss"]
[EventCountry "BEL"]
[SourceTitle "playchess.com"]
[Source "ChessBase"]
[SourceQuality "1"]
[TimeControl "40/5400+30:1800+30"]

1. d4 f5 2. c4 Nf6 3. Nc3 g6 4. h4 Bg7 5. h5 Nxh5 6. e4 O-O 7. exf5 d6 8. Be2 Nf6 9. fxg6 hxg6 10. Nf3 Ng4 11. Qb3 c6 12. Bg5 Qc7 13. c5+ d5 14. Nxd5 cxd5 15. Qxd5+ e6 16. Qe4 Nf6 17. Qxg6 Qf7 18. Qc2 Rd8 19. Ne5 Qc7 20. Qg6 Qe7 21. Rh6 Rf8 22. Ng4 Nbd7 23. O-O-O Qf7 24. Rh8+ Kxh8 25. Rh1+ Bh6 26. Qxh6+ Nh7 27. Bd3 Re8 28. Qxh7+ Qxh7 29. Rxh7+ Kg8 30. Nh6+ Kf8 31. Rf7# 1-0

[Event "18th Charleroi Open-A 2019"]
[Site "Charleroi"]
[Date "2019.07.29"]
[Round "3.24"]
[White "Moerman, Thomas"]
[Black "Iolis, Oleg"]
[Result "0-1"]
[ECO "D85"]
[WhiteElo "1931"]
[BlackElo "2178"]
[Annotator "ChessBase"]
[PlyCount "66"]
[EventDate "2019.07.22"]
[EventType "swiss"]
[EventCountry "BEL"]
[SourceTitle "playchess.com"]
[Source "ChessBase"]
[SourceQuality "1"]
[TimeControl "40/5400+30:1800+30"]

1. d4 Nf6 2. c4 g6 3. Nc3 d5 4. cxd5 Nxd5 5. e4 Nxc3 6. bxc3 Bg7 7. Be3 c5 8. Nf3 Nc6 9. Qd2 Bg4 10. d5 Qa5 11. Rc1 Bxf3 12. gxf3 Rd8 13. f4 e6 14. d6 e5 15. Qd5 exf4 16. Bc4 Bxc3+ 17. Kf1 Ne5 18. Bxf4 Nxc4 19. Qxc4 Bd4 20. e5 O-O 21. h4 Rfe8 22. h5 Bxe5 23. hxg6 hxg6 24. Bxe5 Rxe5 25. Qf4 Qa6+ 26. Kg1 Qxd6 27. Qh6 Qf6 28. Kf1 Qg7 29. Qh4 Rde8 30. Qg4 Qf6 31. Rh3 Rg5 32. Qh4 Qa6+ 33. Rc4 Rh5 0-1

[Event "18th Charleroi Open-A 2019"]
[Site "Charleroi"]
[Date "2019.07.29"]
[Round "3.25"]
[White "Damlakhi, Mahmoud"]
[Black "Duhayon, Yves"]
[Result "1/2-1/2"]
[ECO "D31"]
[WhiteElo "2008"]
[BlackElo "2132"]
[Annotator "NA"]
[PlyCount "160"]
[EventDate "2019.07.22"]
[EventType "swiss"]
[EventCountry "BEL"]
[SourceTitle "playchess.com"]
[Source "ChessBase"]
[SourceQuality "1"]
[TimeControl "40/5400+30:1800+30"]

1. d4 d5 2. c4 e6 3. Nc3 a6 4. cxd5 exd5 5. Bf4 Nf6 6. e3 Bd6 7. Bxd6 Qxd6 8. Bd3 O-O 9. Nge2 Re8 10. h3 Nbd7 11. O-O Nf8 12. Nf4 Ne6 13. Nh5 Nd7 14. Qg4 g6 15. e4 Kh8 16. e5 Qf8 17. Nf4 Nxf4 18. Qxf4 c6 19. Qh4 Qe7 20. Qh6 Qf8 21. Qe3 f5 22. Ne2 Qe7 23. Nf4 Nf8 24. Rab1 a5 25. g3 Ne6 26. h4 Nxf4 27. Qxf4 Be6 28. Kg2 Kg7 29. a3 h6 30. Qd2 Rf8 31. f4 h5 32. b4 axb4 33. axb4 b5 34. Ra1 Qb7 35. Qc3 Qb6 36. Ra5 Ra6 37. Rxa6 Qxa6 38. Ra1 Qb6 39. Kf3 Rc8 40. Ke3 Kf7 41. Ra5 Rc7 42. Qa3 Bc8 43. Qc3 Bd7 44. Bc2 Ke7 45. Qa3 Bc8 46. Kd3 Kd7 47. Qa1 Ke6 48. Bb3 Ke7 49. Qa2 Ke6 50. Ra8 Ke7 51. Ra5 Ke6 52. Bd1 Ke7 53. Bf3 Ke6 54. Qa1 Ke7 55. Qd1 Ra7 56. Qa1 Rc7 57. Qc3 Bd7 58. Qa3 Bc8 59. Ra8 Ke6 60. Be2 Ke7 61. Qc3 Ke6 62. Qc5 Qxc5 63. bxc5 Bb7 64. Rh8 Rg7 65. Kc3 Kd7 66. Kb4 Kc7 67. Ka5 Bc8 68. Rf8 Kb7 69. Rf6 Bd7 70. Bd3 Be8 71. Rd6 Re7 72. Rf6 Bf7 73. Be2 Be8 74. Bf3 Bf7 75. e6 Be8 76. Be2 Kb8 77. Kb6 Rb7+ 78. Ka5 Ra7+ 79. Kb6 Rb7+ 80. Ka5 Ra7+ 1/2-1/2

[Event "18th Charleroi Open-A 2019"]
[Site "Charleroi"]
[Date "2019.07.29"]
[Round "3.26"]
[White "Denivet, Axel"]
[Black "Roger, Mehdi"]
[Result "0-1"]
[ECO "B76"]
[WhiteElo "1932"]
[BlackElo "2125"]
[Annotator "NA"]
[PlyCount "52"]
[EventDate "2019.07.22"]
[EventType "swiss"]
[EventCountry "BEL"]
[SourceTitle "playchess.com"]
[Source "ChessBase"]
[SourceQuality "1"]
[TimeControl "40/5400+30:1800+30"]

1. e4 c5 2. Nf3 d6 3. d4 cxd4 4. Nxd4 Nf6 5. Nc3 g6 6. Be3 Bg7 7. f3 O-O 8. Qd2 Nc6 9. O-O-O d5 10. Nxc6 bxc6 11. Bh6 Bxh6 12. Qxh6 Rb8 13. e5 Nd7 14. Rd4 Re8 15. h4 Qb6 16. h5 Nf8 17. hxg6 fxg6 18. Rf4 Qe3+ 19. Kd1 Bf5 20. Bd3 e6 21. g4 Rxb2 22. gxf5 Reb8 23. Rb4 Qxh6 24. Rxh6 R2xb4 25. fxg6 hxg6 26. Bxg6 Kg7 0-1

[Event "18th Charleroi Open-A 2019"]
[Site "Charleroi"]
[Date "2019.07.29"]
[Round "3.28"]
[White "De Block, Fabio"]
[Black "Ramacker, Quinten"]
[Result "0-1"]
[ECO "D35"]
[WhiteElo "2039"]
[BlackElo "2006"]
[Annotator "NA"]
[PlyCount "102"]
[EventDate "2019.07.22"]
[EventType "swiss"]
[EventCountry "BEL"]
[SourceTitle "playchess.com"]
[Source "ChessBase"]
[SourceQuality "1"]
[TimeControl "40/5400+30:1800+30"]

1. d4 Nf6 2. c4 e6 3. Nc3 d5 4. cxd5 exd5 5. Qc2 Be7 6. Nf3 O-O 7. g3 Nc6 8. a3 Re8 9. Bg2 Ne4 10. O-O Bf5 11. Qb3 Na5 12. Qxd5 Nxc3 13. Qxf5 Nxe2+ 14. Kh1 Nb3 15. Ng5 Bxg5 16. Bxg5 Nexd4 17. Qg4 Qd6 18. Rad1 Qg6 19. h3 c6 20. Be3 Nf5 21. Qxg6 hxg6 22. Rd7 Rxe3 23. fxe3 Nxg3+ 24. Kg1 Nxf1 25. Bxf1 Nc5 26. Rc7 Rb8 27. Bc4 Ne6 28. Bxe6 fxe6 29. Re7 Kf8 30. Rxe6 Re8 31. Rxe8+ Kxe8 32. Kf2 Ke7 33. Kf3 Kf6 34. Kf4 g5+ 35. Ke4 Ke6 36. b4 b6 37. a4 a6 38. Kd4 Kf5 39. a5 bxa5 40. bxa5 g4 41. hxg4+ Kxg4 42. Kc5 g5 43. Kxc6 Kf5 44. Kb6 g4 45. Kxa6 g3 46. Kb7 g2 47. a6 g1=Q 48. a7 Qb1+ 49. Kc7 Qc2+ 50. Kb7 Qb3+ 51. Kc7 Qc4+ 0-1

[Event "18th Charleroi Open-A 2019"]
[Site "Charleroi"]
[Date "2019.07.29"]
[Round "3.29"]
[White "Verhalle, Elias"]
[Black "Sclacmender, Julien"]
[Result "0-1"]
[ECO "B22"]
[WhiteElo "1983"]
[BlackElo "2269"]
[Annotator "ChessBase"]
[PlyCount "72"]
[EventDate "2019.07.22"]
[EventType "swiss"]
[EventCountry "BEL"]
[SourceTitle "playchess.com"]
[Source "ChessBase"]
[SourceQuality "1"]
[TimeControl "40/5400+30:1800+30"]

1. e4 c5 2. d4 cxd4 3. c3 Nf6 4. e5 Nd5 5. Nf3 Nc6 6. cxd4 d6 7. Bc4 Nb6 8. Bb5 dxe5 9. Nxe5 Bd7 10. Nxd7 Qxd7 11. Nc3 Rd8 12. Be3 a6 13. Bxc6 Qxc6 14. O-O e6 15. Rc1 Nd5 16. Qf3 Be7 17. Nxd5 Qxd5 18. Qxd5 Rxd5 19. Rc7 Rd7 20. Rfc1 Bd6 21. Rc8+ Rd8 22. d5 Kd7 23. dxe6+ Kxe6 24. Rxd8 Rxd8 25. g3 Be5 26. b3 h5 27. h3 Rd3 28. Re1 Kd5 29. Re2 b5 30. Kg2 g6 31. Kf3 Rc3 32. Rd2+ Ke6 33. g4 f5 34. gxh5 gxh5 35. Kg2 f4 36. Bd4 f3+ 0-1

[Event "18th Charleroi Open-A 2019"]
[Site "Charleroi"]
[Date "2019.07.29"]
[Round "3.30"]
[White "Dugailliez, Guy"]
[Black "Callier, Christophe"]
[Result "1-0"]
[ECO "C30"]
[WhiteElo "2063"]
[BlackElo "1986"]
[Annotator "NA"]
[PlyCount "123"]
[EventDate "2019.07.22"]
[EventType "swiss"]
[EventCountry "BEL"]
[SourceTitle "playchess.com"]
[Source "ChessBase"]
[SourceQuality "1"]
[TimeControl "40/5400+30:1800+30"]

1. e4 e5 2. f4 Bc5 3. Nf3 d6 4. Bc4 Nf6 5. Nc3 Nc6 6. d3 a6 7. h3 Na5 8. Bb3 O-O 9. Ne2 Nxb3 10. axb3 Re8 11. fxe5 dxe5 12. Bg5 Qd6 13. Qd2 Qb6 14. Rf1 Nd7 15. Nc3 Bb4 16. Be3 c5 17. Qf2 f6 18. Nd2 Bxc3 19. bxc3 Qc7 20. g4 b6 21. Nf3 Nf8 22. Nh4 Ne6 23. Nf5 Rf8 24. g5 Nf4 25. gxf6 Rxf6 26. Bxf4 exf4 27. Qxf4 Qxf4 28. Rxf4 Bxf5 29. exf5 a5 30. b4 g6 31. bxc5 bxc5 32. Rfa4 Rxf5 33. Rxa5 Re8+ 34. Kd2 Rf2+ 35. Kc1 Rf1+ 36. Kb2 Rb8+ 37. Ka2 Rf2 38. Rc1 c4 39. Ka3 Rf3 40. Rd1 Rxh3 41. Rc5 cxd3 42. cxd3 Kf7 43. d4 Ke7 44. Rc1 Kd6 45. Rc4 Rh2 46. Rb4 Rxb4 47. Kxb4 g5 48. Rg1 h6 49. c4 Rh4 50. Kc3 g4 51. Kd3 h5 52. Ra1 Rh3+ 53. Ke4 Rf3 54. Rh1 Rc3 55. c5+ Kc6 56. Rxh5 g3 57. Rg5 Ra3 58. Rg6+ Kc7 59. d5 Rc3 60. Rg7+ Kc8 61. c6 Kd8 62. Ke5 1-0

[Event "18th Charleroi Open-A 2019"]
[Site "Charleroi"]
[Date "2019.07.29"]
[Round "3.31"]
[White "Zamparo, Sergio"]
[Black "Van Doren, Bas"]
[Result "0-1"]
[ECO "C00"]
[WhiteElo "2031"]
[BlackElo "1976"]
[Annotator "NA"]
[PlyCount "144"]
[EventDate "2019.07.22"]
[EventType "swiss"]
[EventCountry "BEL"]
[SourceTitle "playchess.com"]
[Source "ChessBase"]
[SourceQuality "1"]
[TimeControl "40/5400+30:1800+30"]

1. e4 c5 2. Nf3 e6 3. d3 Nc6 4. g3 d5 5. Nbd2 Nf6 6. Bg2 Be7 7. O-O O-O 8. Re1 b5 9. e5 Nd7 10. h4 a5 11. Nf1 b4 12. Bf4 Ba6 13. N1h2 a4 14. a3 bxa3 15. bxa3 Rb8 16. Ng5 Nd4 17. c3 h6 18. Ngf3 Nb3 19. Ra2 Qa5 20. Qc2 Qb5 21. Bf1 Na5 22. Nd2 Qc6 23. Bg2 Qb5 24. Bf1 Nb6 25. Rb1 Qd7 26. Nhf3 Rb7 27. g4 Nc6 28. g5 hxg5 29. Bxg5 Bxg5 30. Nxg5 d4 31. Nde4 Qd5 32. f4 dxc3 33. Qxc3 Qxa2 34. Rb2 Qa1 35. Qc2 Nd4 36. Qg2 Nd5 37. Rxb7 Ne3 38. Qf2 Ng4 39. Qb2 Qe1 40. Rb8 Qe3+ 41. Kg2 Nb3 42. Rxf8+ Kxf8 43. Nf3 Qxf4 44. Be2 Bxd3 45. Nxc5 Bxe2 46. Nd7+ Ke7 47. Qxe2 Ne3+ 48. Kf2 Nd4 49. Qxe3 Qxe3+ 50. Kxe3 Nxf3 51. Nc5 Nxe5 52. Nxa4 Nc4+ 53. Kf3 Nxa3 54. Nc3 f5 55. Ne2 Kf6 56. Nf4 g6 57. Nh3 Nb5 58. Ng5 Nd4+ 59. Ke3 e5 60. Nh7+ Ke7 61. Ng5 Ne6 62. Nf3 Kf6 63. Nd2 Nf4 64. Kf3 Nd3 65. Ke3 e4 66. Nc4 Kg7 67. Nb6 Kh6 68. Nd5 Kh5 69. Ne7 Ne5 70. Kf4 Nf3 71. Ng8 Nxh4 72. Nf6+ Kh6 0-1

[Event "18th Charleroi Open-A 2019"]
[Site "Charleroi"]
[Date "2019.07.29"]
[Round "3.32"]
[White "Philippe, Denis-Emmanuel"]
[Black "Van Haelst, Raymond"]
[Result "1/2-1/2"]
[ECO "D05"]
[WhiteElo "2015"]
[BlackElo "1947"]
[Annotator "NA"]
[PlyCount "113"]
[EventDate "2019.07.22"]
[EventType "swiss"]
[EventCountry "BEL"]
[SourceTitle "playchess.com"]
[Source "ChessBase"]
[SourceQuality "1"]
[TimeControl "40/5400+30:1800+30"]

1. d4 d5 2. Nf3 e6 3. e3 c5 4. b3 cxd4 5. exd4 Nc6 6. Bb2 Nf6 7. Bd3 Be7 8. Nbd2 a6 9. O-O O-O 10. Re1 b5 11. Ne5 Bb7 12. a3 g6 13. Qf3 Nxe5 14. dxe5 Nh5 15. Qg4 Ng7 16. Nf3 Rc8 17. Bc1 f5 18. Qf4 Qd7 19. Qh6 d4 20. Ng5 Bxg5 21. Qxg5 Qd5 22. Bd2 Rf7 23. a4 Nh5 24. f3 Rfc7 25. axb5 axb5 26. Ra2 Ra8 27. Rxa8+ Bxa8 28. Bb4 Ra7 29. Bd6 Kg7 30. Qd8 h6 31. Qb8 Ra2 32. Qf8+ Kh7 33. Qf7+ Ng7 34. Bf8 Qb7 35. Qf6 Nh5 36. Qxe6 Nf4 37. Qe7+ Qxe7 38. Bxe7 Nxd3 39. cxd3 Bd5 40. Bc5 Rd2 41. e6 Bc6 42. e7 Be8 43. b4 Rxd3 44. Re5 Kg8 45. Kf1 Rd2 46. Rd5 d3 47. h4 h5 48. Rd4 Kf7 49. g4 hxg4 50. fxg4 Rh2 51. gxf5 gxf5 52. Kg1 Rh3 53. Kg2 Re3 54. Kf2 Rh3 55. Kg2 Re3 56. Kf2 Rh3 57. Kg2 1/2-1/2

[Event "18th Charleroi Open-A 2019"]
[Site "Charleroi"]
[Date "2019.07.29"]
[Round "3.34"]
[White "Dierckens, Sarah"]
[Black "Guion, Geoffrey"]
[Result "1-0"]
[ECO "C13"]
[WhiteElo "1770"]
[BlackElo "2006"]
[Annotator "NA"]
[PlyCount "69"]
[EventDate "2019.07.22"]
[EventType "swiss"]
[EventCountry "BEL"]
[SourceTitle "playchess.com"]
[Source "ChessBase"]
[SourceQuality "1"]
[TimeControl "40/5400+30:1800+30"]

1. e4 e6 2. d4 d5 3. Nc3 Nf6 4. Bg5 dxe4 5. Nxe4 Be7 6. Nxf6+ Bxf6 7. Bxf6 Qxf6 8. Nf3 O-O 9. Bd3 c5 10. c3 cxd4 11. Nxd4 a6 12. O-O e5 13. Nf3 Bg4 14. Be4 Nc6 15. Qa4 Bd7 16. Rfe1 Rfe8 17. Rad1 Rad8 18. Qb3 b5 19. Bxc6 Bxc6 20. Rxd8 Rxd8 21. Nxe5 Rd2 22. Nf3 Rd8 23. Nd4 Bb7 24. f3 g6 25. a4 Bd5 26. Qb4 bxa4 27. Qxa4 Kg7 28. Qa5 Rd6 29. Qc5 Bb7 30. Re8 Qf4 31. Re7 Qc1+ 32. Kf2 Qxb2+ 33. Kg3 Rd5 34. Ne6+ Kf6 35. Qc7 1-0